 Dungeon Crawl Stone Soup version 0.26.0-10-g1f06aea511 (webtiles) character file.

Game seed: 12434037261287524580

107 Borgoz the Slasher (level 4, -6/38 HPs)
             Began as a Ghoul Gladiator on Feb 1, 2021.
             Mangled by Sigmund
             ... wielding a +0 scythe
              (11 damage)
             ... on level 3 of the Dungeon.
             The game lasted 00:02:35 (1978 turns).

Borgoz the Slasher (Ghoul Gladiator)                Turns: 1978, Time: 00:02:35

Health: -6/38      AC:  5    Str: 17    XL:     4   Next: 85%
Magic:  3/3        EV: 12    Int:  3    God:
Gold:   124        SH:  0    Dex: 11    Spells: 3/3 levels left

rFire    . . .     SeeInvis .   a - +0 long sword
rCold    + . .     Faith    +   (no shield)
rNeg     + + +     Spirit   .   h - +1 leather armour {rPois}
rPois    ∞         Reflect  .   c - +0 helmet
rElec    .         Harm     .   (no cloak)
rCorr    +         Rampage  .   (no gloves)
Will     .....                  (no boots)
Stlth    +.........             m - amulet of faith
HPRegen  0.00/turn              (no ring)
MPRegen  0.08/turn              i - ring of resist corrosion

@: no status effects
A: claws 1, cold resistance 1, negative energy resistance 3, inhibited
regeneration, torment resistance, unbreathing
a: no special abilities


You were on level 3 of the Dungeon.
You visited 1 branch of the dungeon, and saw 3 of its levels.

You collected 124 gold pieces.

Inventory:

Hand Weapons
 a - a +0 long sword (weapon)
Missiles
 d - 3 throwing nets (quivered)
Armour
 c - a +0 helmet (worn)
 h - a +1 leather armour of poison resistance (worn)
Jewellery
 e - an uncursed ring of flight
 i - a ring of resist corrosion (right claw)
 m - an amulet of faith (around neck)
Scrolls
 j - a scroll of immolation {unknown}
 k - a scroll of remove curse
 l - a scroll of magic mapping {unknown}
 n - a scroll of fear {unknown}
 o - a scroll of teleportation {unknown}
Potions
 b - a potion of attraction {unknown}
 f - 2 potions of berserk rage {unknown}
 g - 2 potions of curing
 p - a potion of degeneration {unknown}


   Skills:
 + Level 3.1 Fighting
 * Level 3.7 Long Blades
 - Level 1.7 Throwing
 + Level 1.4 Armour
 + Level 3.2 Dodging


You had 3 spell levels left.
You didn't know any spells.
Your spell library was empty.

Dungeon Overview and Level Annotations

Branches:
Dungeon (3/15)

Altars:
Dithmenos

Annotations:
D:3 Sigmund


Innate Abilities, Weirdness & Mutations

You thrive by killing the living.
You are immune to poison.
You have sharp fingernails.
Your flesh is cold resistant. (rC+)
You are immune to negative energy. (rN+++)
You do not regenerate when monsters are visible.
You are immune to unholy pain and torment.
You can survive without breathing.


Message History

The adder is almost dead.
You see here a frilled lizard corpse.
You barely miss the adder.
The adder is almost dead.
The adder closely misses you. Something hits you!
You are too injured to fight recklessly!
You are too injured to fight recklessly!
You closely miss the adder.
The adder is almost dead.
The adder bites you but does no damage. The adder closely misses you.
You completely miss the adder.
The adder is almost dead.
You hear some strange, mumbled words.
A puff of flame appears from out of thin air!
The puff of flame hits you.
* * * LOW HITPOINT WARNING * * *
The adder bites you.
* * * LOW HITPOINT WARNING * * *
Something hits you!
You die...

. .. #. . # ..###.
#. #### .# #..#..
##. #.. ..#
#.....##..##.# ...#
.............##..#
....... #.†.....#
..._.{S####.<#
.......@##=..###.
......)..†.........
#.....##..######.##
#..#.. ##.# .. ##
#.# . ..# #.# #.#
..#


You could see an adder.

Vanquished Creatures
  Jessica (D:2)
  An adder (D:3)
  5 worms
  A dart slug (D:2)
  2 leopard geckos (D:2)
  A ball python (D:2)
  10 bats
  A giant cockroach (D:1)
  6 goblins
  7 hobgoblins
  4 jackals (D:2)
  6 frilled lizards
  A kobold (D:2)
  5 rats
51 creatures vanquished.

Notes
Turn   | Place    | Note
-------+----------+-------------------------------------------
     0 | D:1      | Borgoz the Ghoul Gladiator began the quest for the Orb.
     0 | D:1      | Reached XP level 1. HP: 17/17 MP: 0/0
   119 | D:1      | Reached XP level 2. HP: 4/25 MP: 1/1
  1119 | D:2      | Reached XP level 3. HP: 30/30 MP: 2/2
  1238 | D:2      | Reached skill level 1 in Armour
  1358 | D:2      | Noticed Jessica
  1374 | D:2      | Killed Jessica
  1375 | D:2      | Reached XP level 4. HP: 32/37 MP: 3/3
  1964 | D:3      | Found a shadowy altar of Dithmenos.
  1965 | D:3      | Noticed Sigmund
  1978 | D:3      | Mangled by Sigmund

Illustrated notes

Levels and vault maps discovered:
D:1:      minmay_arrival_checkered_box, layout_loops_ring, minmay_distorted
D:2:      layout_basic, uniq_jessica
D:3:      layout_loops_ring, okawaru_metal_pillars_3,
          nicolae_dithmenos_shadow_blocks, uniq_crazy_yiuf_cottage, uniq_sigmund

Skill      XL: |  1  2  3  4 |
---------------+-------------+-----
Long Blades    | 3 |  3.7
Dodging        | 3 |  3.2
Armour         | 1 |  1.4
Fighting       | 3 |  3.1
Throwing       | |  1.7

Action                   |  1- 3 |  4- 6 || total
-------------------------+-------+-------++-------
Melee: Long sword        |    93 |    53 ||   146
Throw: Throwing net      |     2 |       ||     2
  Use: Scroll            |     1 |     1 ||     2
Armor: Leather armour    |    47 |     8 ||    55
Dodge: Dodged            |    67 |    37 ||   104
       Rpst.: Long sword |    21 |    16 ||    37
